 Dungeon Crawl Stone Soup version 0.28.0-45-g0d030f2227 (webtiles) character file.

Game seed: 7280412398427978299

45 zeratav the Insei (level 3, 0/24 HPs)
             Began as an Octopode Transmuter on Apr 8, 2022.
             Constricted to death by a ball python (1 damage)
             ... on level 2 of the Dungeon.
             The game lasted 00:01:38 (1734 turns).

zeratav the Insei (Octopode Transmuter)             Turns: 1734, Time: 00:01:39

Health: 0/24       AC:  1    Str:  9    XL:     3   Next: 64%
Magic:  6/6        EV: 10    Int: 15    God:
Gold:   61         SH:  0    Dex: 14    Spells: 5/6 levels left

rFire   . . .      SeeInvis .     - Unarmed
rCold   . . .      Faith    .   (no shield)
rNeg    . . .      Spirit   .   (helmet restricted)
rPois   .          Reflect  .   (no amulet)
rElec   .          Harm     .   (no ring)
rCorr   .          Rampage  .   (no ring)
Will    .....                   (no ring)
Stlth   +++.......              (no ring)
HPRegen 0.08/turn               (no ring)
MPRegen 0.10/turn               (no ring)
                                (no ring)
                                (no ring)

@: constricted
A: almost no armour, amphibious, 8 rings, camouflage 1, gelatinous body 1,
(nimble swimmer 1), tentacles
a: no special abilities


You were on level 2 of the Dungeon.
You visited 1 branch of the dungeon, and saw 2 of its levels.

You collected 61 gold pieces.


Innate Abilities, Weirdness & Mutations

You cannot wear most types of armour.
You are amphibious.
You can wear up to eight rings at the same time.
Your skin changes colour to match your surroundings (Stealth+).
Your rubbery body absorbs attacks. (AC +1, EV +1)
((You are camouflaged when in or above water. (Stealth+)))
You have tentacles for arms and can constrict up to eight enemies at once.


   Skills:
 + Level 1.6 Fighting
 + Level 2.4 Dodging
 + Level 1.8 Stealth
 * Level 3.6 Unarmed Combat
 - Level 2.0 Spellcasting
 - Level 2.0 Transmutations


You had 5 spell levels left.
You knew the following spells:

 Your Spells              Type           Power      Damage    Failure   Level
a - Beastly Appendage     Tmut           14%        N/A       10%         1

Your spell library contained the following spells:

 Spells                   Type           Power      Damage    Failure   Level
 Wereblood                Tmut           7%         N/A       14%         2
 Spider Form              Tmut/Pois      4%         N/A       41%         3
 Ice Form                 Ice/Tmut       4%         N/A       82%         4

Inventory:

Scrolls
 a - a scroll of vulnerability {unknown}
 b - a scroll of holy word {unknown}
 c - 2 scrolls of identify {unknown}
 d - a scroll of immolation {unknown}

Dungeon Overview and Level Annotations

Branches:
Dungeon (2/15)

Altars:
Qazlal

#.#####+### #.# #.........# #.#
.. #.........###.# #.
#.............# #.#
#............<# # ..#
#######.####### #. #.#
..............#
####'#######.#########.#####.#
..............S@.............#
...........#.r########.#######.#
...........#.......#...........#
...........#g.####.#.#.#########
......gg.g†#..## #.#.#
.......###.g.).# #.#.# .......
#####.###.#.#.# .......
#........#.#.# .......
#.#....###.#.#


You could see a quokka and a ball python.


Message History

No target in view!
No target in view!
No target in view!
No target in view!
Your transformation is almost over.
Found a stone staircase leading up.
HP[+1] MP[+1]
Your hp is fully restored (23).
Your mp is fully restored (6).
Your tentacle spike disappears.
You now have 61 gold pieces (gained 3).
c - 2 scrolls labelled VAYNEGHESKE (gained 1)
A hobgoblin comes into view. It is wielding a +0 whip.
One of your tentacles grows a vicious spike.
The hobgoblin shouts!
You hear an angry hiss.
The hobgoblin hits you with a +0 whip.
HP[-1] MP[-1]
You take 1 damage, and now have 22/23 hp.
You lost 1 mp, and now have 5/6 mp.
You tentacle-slap the hobgoblin but do no damage.
Your grab misses the hobgoblin. Your squeeze misses the hobgoblin.
The hobgoblin hits you with a +0 whip.
HP[-4]
You take 4 damage, and now have 18/23 hp.
You tentacle-slap the hobgoblin but do no damage.
You grab the hobgoblin.
You constrict the hobgoblin, but do no damage.
A dart slug comes into view.
The hobgoblin misses you.
A ball python comes into view.
You tentacle-slap the hobgoblin but do no damage.
Your tentacle spike misses the hobgoblin.
You squeeze the hobgoblin, but do no damage.
You constrict the hobgoblin. The hobgoblin closely misses you.
You tentacle-slap the hobgoblin.
You kill the hobgoblin!
The ball python misses you. The ball python closely misses you.
Things that are here:
a +0 whip {mace}; a +0 robe; a hobgoblin corpse You tentacle-slap the ball python.
You kill the ball python!
Your transformation is almost over.
The dart slug launches a dart at you. The slug dart hits you.
HP[-4]
You take 4 damage, and now have 14/23 hp.
You barely miss the dart slug. You grab the dart slug.
You constrict the dart slug. The dart slug barely misses you.
You tentacle-slap the dart slug.
You pierce the dart slug.
You squeeze the dart slug. You constrict the dart slug.
MP[+1]
Your mp is fully restored (6).
You tentacle-slap the dart slug.
You kill the dart slug!
HP[+1]
You now have 24 max hp (+1).
A gnoll comes into view. It is wielding a +0 halberd.
A gnoll is nearby!
A quokka comes into view.
A gnoll comes into view. It is wielding a +0 dagger of speed.
A ball python comes into view.
Your tentacle spike disappears.
The ball python hisses angrily.
A gnoll comes into view. It is wielding a +0 spear.
The gnoll shouts!
The quokka completely misses you.
You closely miss the quokka.
The gnoll shouts!
Your grab misses the quokka. The quokka closely misses you.
The gnoll hits you from afar with a +0 spear!
* * * LOW HITPOINT WARNING * * *
The ball python barely misses you. x2; The quokka bites you.
* * * LOW HITPOINT WARNING * * *
You are too injured to fight recklessly!
You are too injured to fight recklessly!
You are too injured to fight recklessly!
You are too injured to fight recklessly!
HP[-12]
You take 12 damage, and now have 3/24 hp.
MASSIVE DAMAGE!! (PAUSE)
You are too injured to fight recklessly!
You are too injured to fight recklessly!
You are too injured to fight recklessly!
You are too injured to fight recklessly!
You are too injured to fight recklessly!
You are too injured to fight recklessly!
You are too injured to fight recklessly!
You are too injured to fight recklessly!
You are too injured to fight recklessly!
You are too injured to fight recklessly!
You are too injured to fight recklessly!
There are monsters nearby!
The ball python misses you. The ball python closely misses you.
You see here a dart slug corpse.
The quokka bites you.
* * * LOW HITPOINT WARNING * * *
HP[-2]
You take 2 damage, and now have 1/24 hp.
The ball python completely misses you. The ball python grabs you.
The ball python constricts you.
You die...

Skill      XL: |  1  2 |
---------------+-------+-----
Stealth        | 1 |  1.8
Fighting       | |  1.6
Dodging        | |  2.4
Unarmed Combat | |  3.6
Spellcasting   | |  2.0
Transmutations | |  2.0

Action                   || total
-------------------------++-------
Melee: Unarmed           ||    55
       Constrict         ||    17
       Kick              ||    16
       Tentacles         ||    12
 Cast: Beastly Appendage ||    19
 Stab: Sleeping          ||     7
Armor: Skin              ||     1
Dodge: Dodged            ||    29

Levels and vault maps discovered:
D:1:      dpeg_arrival_tiny_j, layout_loops_ring,
          shapermc_ecumenical_altar_totnotflames, minmay_door_square
D:2:      layout_basic, basic_altar, uniq_jessica

Notes
Turn   | Place    | Note
-------+----------+-------------------------------------------
     0 | D:1      | zeratav the Octopode Transmuter began the quest for the
                  | Orb.
     0 | D:1      | Reached XP level 1. HP: 13/13 MP: 3/3
     0 | D:1      | magus.rc [v1.9.6]
   226 | D:1      | HP: 3/13 [kobold/+0 dagger (3)]
   590 | D:1      | Reached XP level 2. HP: 18/18 MP: 3/5
   637 | D:1      | Reached skill level 1 in Stealth
   827 | D:1      | Found a faded altar of an unknown god.
  1018 | D:1      | Reached XP level 3. HP: 20/23 MP: 4/6
  1606 | D:2      | Found a stormy altar of Qazlal.
  1724 | D:2      | HP: 3/24 [quokka (4)]
  1728 | D:2      | HP: 1/24 [quokka (2)]
  1734 | D:2      | Constricted to death by a ball python

Vanquished Creatures
  A gnoll (D:1)
  A worm (D:2)
  2 dart slugs
  2 endoplasms (D:1)
  A goblin (D:1)
  6 hobgoblins
  A quokka (D:2)
  4 ball pythons
  A bat (D:1)
  A frilled lizard (D:1)
  4 kobolds (D:1)
  4 rats
28 creatures vanquished.

Table legend:
 A = Non-vault XP
 B = Vault XP
 C = Vault XP percentage of total XP
 D = Non-vault monster count
 E = Vault monster count
 F = Vault count percentage of total count
                 A         B        C        D         E       F
            +---------+---------+-------+---------+---------+-------
      Total |      65 |       0 |   0.0 |      28 |       0 |   0.0
            +---------+---------+-------+---------+---------+-------
        D:1 |      50 |       0 |   0.0 |      22 |       0 |   0.0
        D:2 |      15 |       0 |   0.0 |       6 |       0 |   0.0
            +---------+---------+-------+---------+---------+-------

Illustrated notes

Table legend:
 A = Kills in this place as a percentage of kills in entire the game.
 B = Kills by you in this place as a percentage of kills by you in the entire game.
 C = Kills by friends in this place as a percentage of kills by friends in the entire game.
 D = Other kills in this place as a percentage of other kills in the entire game.
 E = Experience gained in this place as a percentage of experience gained in the entire game.
 F = Experience gained in this place divided by the number of levels of this place that you have seen.
                   A       B       C       D       E      F
               +-------+-------+-------+-------+-------+----------------------
         Total | 100.0 | 100.0 |   N/A |   N/A | 100.0 |  32.5
       Dungeon | 100.0 | 100.0 |   N/A |   N/A | 100.0 |  32.5
               +-------+-------+-------+-------+-------+----------------------

Table legend: (Time is in decaauts)
 A = Elapsed time spent in this place.
 B = Non-inter-level travel time spent in this place.
 C = Inter-level travel time spent in this place.
 D = Time resting spent in this place.
 E = Time spent auto-exploring this place.
 F = Levels seen in this place.
 G = Mean time per level.
                   A        B        C        D        E       F      G
               +--------+--------+--------+--------+--------+-----+--------+
         Total |   1729 |   1719 |     10 |      0 |   1522 |   2 |  864.5 |
       Dungeon |   1729 |   1719 |     10 |      0 |   1522 |   2 |  864.5 |
               +--------+--------+--------+--------+--------+-----+--------+

Top non-repeatable levels by time:
     D:1: 1523 daAuts
     D:2: 206 daAuts
